 Dungeon Crawl Stone Soup version 0.27.1-15-g792fb953b9 (webtiles) character file.

Game seed: 7898569247956386620

134 ces the Sneak (level 4, -10/21 HPs)
             Began as a Spriggan Arcane Marksman on Nov 21, 2021.
             Was an Initiate of Dithmenos.
             Killed from afar by an electric eel (13 damage)
             ... with a bolt of electricity
             ... on level 6 of the Dungeon.
             The game lasted 00:09:48 (3952 turns).

ces the Sneak (Spriggan Arcane Marksman)            Turns: 3952, Time: 00:09:49

Health: -10/21     AC:  2    Str:  6    XL:     4   Next: 95%
Magic:  7/7        EV: 17    Int: 14    God:    Dithmenos [......]
Gold:   76         SH:  0    Dex: 16    Spells: 4/5 levels left

rFire    . . .     SeeInvis +   b - +0 dagger (drain)
rCold    . . .     Faith    .   (shield restricted)
rNeg     . . .     Spirit   .   d - +0 robe
rPois    .         Reflect  .   (helmet restricted)
rElec    .         Harm     .   (no cloak)
rCorr    .         Rampage  .   (gloves unavailable)
Will     .....                  (boots unavailable)
Stlth    +++.......             (no amulet)
HPRegen  0.07/turn              (no ring)
MPRegen  0.10/turn              (no ring)

@: very quick
A: very small, no large weapons, unfitting armour, see invisible, speed 3
a: Renounce Religion


You were on level 6 of the Dungeon.
You worshipped Dithmenos.
Dithmenos was noncommittal.
You visited 2 branches of the dungeon, and saw 7 of its levels.

You collected 76 gold pieces.

Inventory:

Hand Weapons
 a - a +0 hand crossbow
 b - a +0 dagger of draining (weapon)
Missiles
 c - 5 bolts
Armour
 d - a +0 robe (worn)
Jewellery
 l - a +4 ring of evasion
Scrolls
 e - a scroll of holy word {unknown}
 f - a scroll of amnesia {unknown}
 g - a scroll of blinking {unknown}
 h - 2 scrolls of vulnerability {unknown}
 i - a scroll of noise {unknown}
 j - a scroll of fear {unknown}
 k - a scroll of identify {unknown}
 m - a scroll of torment {unknown}
 o - a scroll of teleportation {unknown}
Potions
 n - a potion of resistance {unknown}


   Skills:
 - Level 0.7 Fighting
 - Level 0.5 Short Blades
 - Level 2.4 Crossbows
 - Level 2.8 Dodging
 * Level 6.7 Stealth
 - Level 1.3 Spellcasting
 - Level 3.7 Hexes


You had 4 spell levels left.
You knew the following spells:

 Your Spells              Type           Power      Damage    Failure   Level
a - Corona                Hex            12%        N/A       5%          1

Your spell library contained the following spells:

 Spells                   Type           Power      Damage    Failure   Level
 Slow                     Hex            11%        N/A       9%          2
 Animate Skeleton         Necr           0%         N/A       26%         1
 Apportation              Tloc           0%         N/A       26%         1
 Summon Small Mammal      Summ           0%         N/A       26%         1
 Inner Flame              Hex/Fire       6%         N/A       34%         3
 Portal Projectile        Hex/Tloc       12%        N/A       34%         3
 Summon Guardian Golem    Hex/Summ       6%         N/A       34%         3
 Cause Fear               Hex            5%         N/A       50%         4
 Call Canine Familiar     Summ           0%         N/A       58%         3
 Dragon Form              Tmut           0%         N/A       100%        7
 Dragon's Call            Summ           0%         N/A       100%        9


Dungeon Overview and Level Annotations

Branches:
Dungeon (6/15)             Temple (1/1) D:5

Altars:
Ashenzari
Dithmenos
Hepliaklqana
Kikubaaqudgha
Nemelex Xobeh
Okawaru
Trog
Vehumet
Xom
Zin
The Shining One

Annotations:
D:2 Terence
D:6 2 transporters


Innate Abilities, Weirdness & Mutations

You are very small and have problems with some larger weapons.
You are too small for most types of armour.
You have supernaturally acute eyesight. (SInv)
You cover ground extremely quickly. (Speed+++)


Message History

You open the door.
Found a bubbling purple potion.
There is an open door here.
Found a stone staircase leading down.
n - a bubbling purple potion As you open the door, it creaks loudly!
You hear an angry hiss.
There is an open door here.
You open the door. You open the door.
There is an open door here.
There is a stone staircase leading down here.
You climb downwards.
You hear the hiss of flowing sand.
There is an entrance to an ossuary on this level.
Hurry and find it before the portal is buried!
Found a scroll labelled LOOXOQEQUA.
There is a stone staircase leading up here.
The iguana hisses angrily.
You hit the iguana but do no damage. You drain the iguana.
The iguana is moderately wounded.
The iguana bites you!
You barely miss the iguana.
The iguana is moderately wounded.
The iguana closely misses you.
There is a stone staircase leading up here.
Found a stone staircase leading down.
You see here a scroll labelled LOOXOQEQUA.
o - a scroll labelled LOOXOQEQUA An electric eel comes into view.
Found a transporter.
Found a transporter.
The electric eel shoots out a bolt of lightning at you!
The bolt of electricity hits the plant!
The plant begins to die.
The bolt of electricity hits the plant!
The plant begins to die.
The bolt of electricity hits you!
Ouch! That really hurt!
* * * LOW HITPOINT WARNING * * *
The electric eel shoots out a bolt of lightning at you!
The bolt of electricity hits the plant!
The bolt of electricity hits you!
Ouch! That really hurt!
You die...

. ##. #...## #
##♣.#.. #.#...#.#
#©..#.# ≈ #....# ♣P≈
#@..##P≈P≈ ## ##
#.....≈♣ ≈ ..
##..#♣.>.P♣♣≈≈
.###.5.©#.#.≈≈≈≈≈
...###.♣l##P≈P≈≈ #
#©##.###...≈♣P≈≈
###..###.......#≈P≈;≈
.........<...#.# P≈≈≈
..........##.#.# ≈≈≈


You could see an iguana (drained) and an electric eel.

Vanquished Creatures
  A killer bee zombie (D:5)
  A hound zombie (D:5)
  A howler monkey zombie (D:5)
  2 adders
  2 dart slugs
  2 orcs (D:5)
  2 endoplasms (D:1)
  2 giant cockroaches
  A goblin (D:1)
  4 hobgoblins (D:1)
  23 jackals
  2 quokkas (D:1)
  3 ball pythons (D:1)
  2 bats (D:1)
  A frilled lizard (D:1)
  4 kobolds
  2 rats (D:1)
55 creatures vanquished.

Notes
Turn   | Place    | Note
-------+----------+-------------------------------------------
     0 | D:1      | ces the Spriggan Arcane Marksman began the quest for the
                  | Orb.
     0 | D:1      | Reached XP level 1. HP: 9/9 MP: 3/3
   120 | D:1      | Reached skill level 1 in Stealth
   120 | D:1      | Reached XP level 2. HP: 14/14 MP: 5/5
   171 | D:1      | Reached skill level 2 in Stealth
   295 | D:1      | Reached skill level 3 in Stealth
   457 | D:1      | Reached XP level 3. HP: 11/17 MP: 6/6
   795 | D:1      | Reached skill level 4 in Stealth
  1397 | D:2      | Noticed Terence
  2056 | D:4      | Reached skill level 5 in Stealth
  2056 | D:4      | Reached XP level 4. HP: 21/21 MP: 7/7
  2093 | D:5      | Entered Level 5 of the Dungeon
  2326 | D:5      | Found an iron altar of Okawaru.
  2351 | D:5      | Noticed a centaur warrior zombie
  2418 | D:5      | Found a staircase to the Ecumenical Temple.
  2425 | Temple   | Entered the Ecumenical Temple
  2499 | Temple   | Became a worshipper of Dithmenos the Shadowed
  3096 | D:5      | Reached skill level 6 in Stealth
  3651 | D:5      | Noticed a steam dragon
  3948 | D:6      | Found a transporter.
  3949 | D:6      | Found a transporter.
  3952 | D:6      | Killed from afar by an electric eel

Illustrated notes

Levels and vault maps discovered:
D:1:      heliophobic_arrival_ceremonial_halls, layout_basic,
          serial_corexii_hall, chequers_hall_statues_corner_a,
          chequers_hall_statues_y, item_on_display_a
D:2:      layout_basic, uniq_terence
D:3:      layout_loops_ring, lemuel_round_altar, mainiacjoe_overflow_24_doors,
          basic_ecumenical_altar
D:4:      layout_loops_cross, kennysheep_mini_moat,
          nicolae_qazlal_general_emergency
D:5:      layout_basic, mainiacjoe_overflow_concentric_impassable,
          minmay_temple_entry_mini_moons, corner_web_ring
D:6:      layout_basic, chequers_ossuary_entry_cave,
          gammafunk_ghost_abyssal_escape, serial_bayou_lake_a
Temple:   eino_temple_lava

Skill      XL: |  1  2  3  4 |
---------------+-------------+-----
Stealth        | 1 3 5 6 |  6.7
Fighting       | |  0.7
Short Blades   | |  0.5
Crossbows      | |  2.4
Dodging        | |  2.8
Spellcasting   | |  1.3
Hexes          | |  3.7

Action                   |  1- 3 |  4- 6 || total
-------------------------+-------+-------++-------
Melee: Dagger            |    35 |    92 ||   127
 Fire: Hand crossbow     |    72 |    10 ||    82
 Cast: Corona            |       |     1 ||     1
  Use: Potion            |       |     2 ||     2
 Stab: Sleeping          |     4 |       ||     4
Armor: Robe              |     5 |     6 ||    11
       Skin              |       |    16 ||    16
Dodge: Dodged            |    75 |    82 ||   157
